[ AOE2 MATCH · #476079465 ]
UnrankedBohemians vs Persians
[ REPLAY ANALYSIS · EXTRACTED FROM THE RECORDED GAME ]
Feudal
12:55
Castle
18:38
Imperial
37:09
| APM avg | 21.9 |
| APM peak | 62 |
| eAPM avg | 16.3 |
| Villagers / military | 125 / 342 |
Focus
⚔️ 29.8% · 🌾 70.2%
Spearman ×129 · Skirmisher ×104 · Hussite Wagon ×91 · Bombard Cannon ×16 · Trade Cart ×5 · Trebuchet (Packed) ×2
Feudal
16:40
Castle
28:46
Imperial
33:19
| APM avg | 18.1 |
| APM peak | 44 |
| eAPM avg | 13.5 |
| Villagers / military | 311 / 373 |
Focus
⚔️ 36.1% · 🌾 63.9%
Archer ×289 · Spearman ×39 · War Elephant ×26 · Knight ×5 · Mangonel ×5 · Bombard Cannon ×4
Feudal
14:57
Castle
24:08
Imperial
39:13
| APM avg | 15.4 |
| APM peak | 31 |
| eAPM avg | 11.5 |
| Villagers / military | 139 / 263 |
Focus
⚔️ 30.9% · 🌾 69.1%
Camel Scout ×163 · Ghulam ×81 · Trade Cart ×17 · Mangonel ×10 · Bombard Cannon ×5 · Monk ×2
Feudal
12:23
Castle
19:11
Imperial
32:25
| APM avg | 37.4 |
| APM peak | 91 |
| eAPM avg | 21.5 |
| Villagers / military | 136 / 255 |
Focus
⚔️ 28.4% · 🌾 71.6%
Skirmisher ×106 · Battle Elephant ×88 · Rattan Archer ×40 · Bombard Cannon ×14 · Trade Cart ×7 · Trebuchet (Packed) ×6
Feudal
—
Castle
—
Imperial
—
| APM avg | 22.9 |
| APM peak | 149 |
| eAPM avg | 22.4 |
| Villagers / military | 107 / 251 |
Focus
⚔️ 11.4% · 🌾 88.6%
Spearman ×98 · Arambai ×65 · Knight ×34 · Trade Cart ×21 · Militia ×15 · Cavalry Archer ×15
Feudal
18:33
Castle
28:20
Imperial
38:55
| APM avg | 16.4 |
| APM peak | 37 |
| eAPM avg | 11.8 |
| Villagers / military | 117 / 99 |
Focus
⚔️ 22.4% · 🌾 77.6%
Janissary ×83 · Trade Cart ×23 · Bombard Cannon ×12 · Monk ×4
Feudal
10:58
Castle
21:22
Imperial
33:23
| APM avg | 13.0 |
| APM peak | 44 |
| eAPM avg | 9.9 |
| Villagers / military | 65 / 139 |
Focus
⚔️ 38.9% · 🌾 61.1%
Archer ×129 · Mangonel ×7 · Trade Cart ×3 · Trebuchet (Packed) ×3
Feudal
10:43
Castle
26:06
Imperial
40:46
| APM avg | 11.9 |
| APM peak | 38 |
| eAPM avg | 9.4 |
| Villagers / military | 133 / 190 |
Focus
⚔️ 22.2% · 🌾 77.8%
Scorpion ×79 · Woad Raider ×50 · Skirmisher ×43 · Spearman ×16 · Trade Cart ×9 · Trebuchet (Packed) ×2
Match map
Initial resources + every placement click. Lines = walls · curves = elevation contours. ◆ gold · ⬟ stone · ● berries · ✦ relic · ◌ wall gap
Your base· ✓ Closed at 18:38 · 0t walls · no gate
gabkivan's base· ✓ Closed at 28:46 · 67t walls · 2 gate(s)
H0LLy2610's base· ✓ Closed at 24:08 · 25t walls · no gate
Hebele's base· ✓ Closed at 19:11 · 38t walls · no gate
Flobull's base· ✓ Closed at 21:38 · 27t walls · no gate
TheMentoR's base· ✓ Closed at 28:20 · 189t walls · 1 gate(s)
Goup's base· ✓ Closed at 21:22 · 14t walls · 1 gate(s)
Burak_el_Lion's base· ✓ Closed at 26:06 · 0t walls · no gate
Smoothed initial terrain · ◌ = detected wall gap · hover for details
Inputs per minute
— xemre89 - - gabkivan
Build order — xemre89
First 150 of 390 actions detected
| 0:04 | Create | Villager (Male) |
| 0:04 | Create | Villager (Male) |
| 0:04 | Create | Villager (Male) |
| 0:10 | Build | House |
| 0:14 | Build | House |
| 0:57 | Create | Villager (Male) |
| 0:57 | Create | Villager (Male) |
| 1:49 | Create | Villager (Male) |
| 1:50 | Create | Villager (Male) |
| 2:03 | Create | Villager (Male) |
| 2:42 | Create | Villager (Male) |
| 2:43 | Create | Villager (Male) |
| 2:52 | Build | Mill |
| 3:11 | Create | Villager (Male) |
| 3:51 | Create | Villager (Male) |
| 4:41 | Create | Villager (Male) |
| 4:42 | Create | Villager (Male) |
| 4:42 | Create | Villager (Male) |
| 4:42 | Create | Villager (Male) |
| 4:49 | Build | Lumber Camp |
| 5:46 | Build | House |
| 5:48 | Build | House |
| 5:51 | Research | Loom |
| 5:53 | Create | Villager (Male) |
| 5:53 | Create | Villager (Male) |
| 5:54 | Create | Villager (Male) |
| 5:54 | Create | Villager (Male) |
| 6:40 | Create | Villager (Male) |
| 6:41 | Create | Villager (Male) |
| 7:32 | Build | Mining Camp |
| 7:34 | Create | Villager (Male) |
| 7:35 | Create | Villager (Male) |
| 8:12 | Build | Farm |
| 8:25 | Create | Villager (Male) |
| 8:26 | Create | Villager (Male) |
| 9:04 | Build | Farm |
| 9:27 | Build | Farm |
| 9:51 | Build | House |
| 9:53 | Build | House |
| 10:18 | Build | Farm |
| 10:45 | Research | Feudal Age |
| 10:47 | Create | Villager (Male) |
| 10:47 | Create | Villager (Male) |
| 10:47 | Create | Villager (Male) |
| 11:22 | Build | Farm |
| 12:29 | Build | Barracks |
| 12:35 | Build | Farm |
| 12:37 | Build | Farm |
| 12:41 | Create | Villager (Male) |
| 12:42 | Create | Villager (Male) |
| 12:55 | Age | Feudal Age |
| 13:40 | Create | Villager (Male) |
| 13:52 | Create | Spearman |
| 13:52 | Create | Spearman |
| 14:08 | Build | Farm |
| 14:16 | Build | Blacksmith |
| 14:31 | Build | Archery Range |
| 14:54 | Build | Market |
| 15:13 | Create | Villager (Male) |
| 15:54 | Build | Mining Camp |
| 15:58 | Research | Castle Age |
| 16:11 | Create | Skirmisher |
| 16:11 | Create | Skirmisher |
| 16:11 | Create | Skirmisher |
| 16:12 | Create | Skirmisher |
| 16:19 | Create | Villager (Male) |
| 16:19 | Create | Villager (Male) |
| 16:29 | Build | House |
| 16:30 | Build | House |
| 17:02 | Research | Fletching |
| 17:03 | Research | Padded Archer Armor |
| 17:34 | Research | Padded Archer Armor |
| 17:37 | Create | Villager (Male) |
| 17:37 | Create | Villager (Male) |
| 18:12 | Research | Scale Mail Armor |
| 18:28 | Build | House |
| 18:29 | Build | House |
| 18:30 | Build | House |
| 18:33 | Build | House |
| 18:34 | Build | House |
| 18:35 | Build | House |
| 18:38 | Age | Castle Age |
| 18:39 | Build | House |
| 18:42 | Build | House |
| 18:53 | Build | Town Center |
| 19:19 | Create | Villager (Male) |
| 19:19 | Create | Villager (Male) |
| 19:20 | Create | Villager (Male) |
| 19:35 | Build | Town Center |
| 21:26 | Build | Farm |
| 21:27 | Build | Farm |
| 21:28 | Build | Farm |
| 21:34 | Research | Horse Collar |
| 21:39 | Research | Double-Bit Axe |
| 21:43 | Research | Chain Mail Armor |
| 21:47 | Research | Forging |
| 21:50 | Create | Villager (Male) |
| 21:50 | Create | Villager (Male) |
| 21:50 | Create | Villager (Male) |
| 21:50 | Create | Villager (Male) |
| 21:57 | Create | Villager (Male) |
| 22:25 | Build | Barracks |
| 22:26 | Build | Barracks |
| 22:27 | Build | Barracks |
| 22:37 | Build | Farm |
| 22:44 | Build | Farm |
| 22:45 | Build | Farm |
| 22:51 | Create | Villager (Male) |
| 22:51 | Create | Villager (Male) |
| 22:51 | Create | Villager (Male) |
| 22:52 | Create | Villager (Male) |
| 23:04 | Build | Farm |
| 23:18 | Build | House |
| 23:21 | Build | House |
| 23:22 | Build | House |
| 23:23 | Build | House |
| 23:24 | Build | House |
| 23:26 | Build | House |
| 24:11 | Build | Castle |
| 24:36 | Build | Farm |
| 24:43 | Build | Farm |
| 24:46 | Build | Farm |
| 24:50 | Research | Wheelbarrow |
| 24:52 | Create | Villager (Male) |
| 24:52 | Create | Villager (Male) |
| 24:53 | Create | Villager (Male) |
| 24:53 | Create | Villager (Male) |
| 24:53 | Create | Villager (Male) |
| 24:54 | Create | Villager (Male) |
| 24:54 | Create | Villager (Male) |
| 24:54 | Create | Villager (Male) |
| 25:24 | Create | Villager (Male) |
| 25:24 | Create | Villager (Male) |
| 25:26 | Create | Villager (Male) |
| 25:26 | Create | Villager (Male) |
| 25:27 | Create | Villager (Male) |
| 25:35 | Create | Villager (Male) |
| 25:36 | Create | Villager (Male) |
| 25:55 | Build | Stone Wall |
| 26:02 | Build | Gate |
| 26:18 | Build | Farm |
| 26:20 | Build | Farm |
| 26:34 | Build | Siege Workshop |
| 26:35 | Build | Siege Workshop |
| 26:45 | Research | Bow Saw |
| 26:57 | Create | Villager (Male) |
| 26:57 | Create | Villager (Male) |
| 26:58 | Create | Villager (Male) |
| 26:58 | Create | Villager (Male) |
| 26:58 | Create | Villager (Male) |
Build order — gabkivan
First 150 of 408 actions detected
| 0:07 | Build | House |
| 0:09 | Build | House |
| 0:10 | Research | Loom |
| 0:10 | Create | Villager (Male) |
| 0:10 | Create | Villager (Male) |
| 0:11 | Create | Villager (Male) |
| 0:11 | Create | Villager (Male) |
| 0:11 | Create | Villager (Male) |
| 0:11 | Create | Villager (Male) |
| 0:34 | Build | Palisade Wall |
| 0:39 | Build | Palisade Wall |
| 3:49 | Create | Villager (Male) ×3 |
| 3:49 | Create | Villager (Male) ×3 |
| 4:14 | Build | Palisade Wall |
| 4:42 | Build | Lumber Camp |
| 4:48 | Create | Villager (Male) ×2 |
| 4:49 | Create | Villager (Male) ×2 |
| 5:38 | Create | Villager (Male) ×2 |
| 5:39 | Create | Villager (Male) ×2 |
| 6:16 | Create | Villager (Male) |
| 6:16 | Create | Villager (Male) |
| 6:44 | Build | House |
| 6:51 | Build | House |
| 6:55 | Build | House |
| 7:45 | Create | Villager (Male) |
| 7:45 | Create | Villager (Male) ×3 |
| 7:46 | Create | Villager (Male) ×2 |
| 7:46 | Create | Villager (Male) ×2 |
| 8:03 | Create | Villager (Male) |
| 8:04 | Create | Villager (Male) |
| 8:13 | Build | Mill |
| 8:25 | Build | Palisade Gate |
| 8:27 | Build | House |
| 9:08 | Build | Barracks |
| 9:13 | Create | Villager (Male) ×3 |
| 9:13 | Create | Villager (Male) ×3 |
| 9:53 | Create | Villager (Male) |
| 9:53 | Create | Villager (Male) ×2 |
| 9:53 | Create | Villager (Male) |
| 10:11 | Build | House |
| 10:12 | Build | House |
| 11:09 | Create | Villager (Male) ×4 |
| 11:09 | Create | Villager (Male) ×4 |
| 12:22 | Create | Militia |
| 13:03 | Build | Mill |
| 13:14 | Build | Mill |
| 14:28 | Build | Palisade Gate |
| 14:36 | Research | Feudal Age |
| 14:43 | Build | Farm |
| 14:45 | Build | Farm |
| 15:05 | Build | Farm |
| 15:12 | Build | Farm |
| 15:55 | Create | Militia |
| 16:40 | Age | Feudal Age |
| 16:46 | Build | Mining Camp |
| 17:14 | Build | Palisade Wall |
| 17:23 | Research | Wheelbarrow |
| 17:26 | Research | Double-Bit Axe |
| 17:27 | Research | Horse Collar |
| 17:30 | Create | Villager (Male) |
| 17:33 | Research | Town Watch |
| 17:41 | Create | Spearman |
| 18:29 | Build | Farm |
| 18:30 | Build | Farm |
| 18:35 | Build | Farm |
| 18:36 | Build | Farm |
| 18:58 | Build | Watch Tower |
| 19:00 | Build | House |
| 19:00 | Build | House |
| 19:01 | Build | House |
| 19:09 | Build | Stone Wall |
| 19:15 | Build | Stone Wall |
| 20:01 | Create | Villager (Male) ×5 |
| 20:02 | Create | Villager (Male) ×5 |
| 20:02 | Create | Villager (Male) ×5 |
| 20:02 | Create | Villager (Male) ×5 |
| 20:02 | Create | Villager (Male) ×5 |
| 20:06 | Build | Farm |
| 20:37 | Build | Mining Camp |
| 22:28 | Build | Watch Tower |
| 22:57 | Build | Lumber Camp |
| 23:20 | Research | Stone Mining |
| 23:34 | Build | Farm |
| 23:37 | Build | Farm |
| 24:11 | Create | Spearman |
| 24:21 | Build | Farm |
| 24:31 | Build | Farm |
| 24:35 | Build | Farm |
| 24:40 | Build | Farm |
| 25:05 | Build | Market |
| 25:12 | Build | Blacksmith |
| 26:10 | Research | Gold Mining |
| 26:21 | Research | Castle Age |
| 26:33 | Build | Archery Range |
| 26:58 | Create | Spearman |
| 26:59 | Create | Spearman |
| 27:24 | Research | Arson |
| 28:08 | Build | Stable |
| 28:11 | Build | House |
| 28:13 | Build | House |
| 28:15 | Build | House |
| 28:17 | Build | House |
| 28:46 | Age | Castle Age |
| 29:07 | Build | Castle |
| 29:34 | Build | University |
| 29:39 | Build | Monastery |
| 29:46 | Research | Hand Cart |
| 30:05 | Build | Town Center |
| 30:31 | Research | Imperial Age |
| 30:45 | Build | Town Center |
| 30:57 | Create | Villager (Male) ×5 |
| 30:58 | Create | Villager (Male) ×5 |
| 30:58 | Create | Villager (Male) ×5 |
| 30:58 | Create | Villager (Male) ×5 |
| 31:34 | Research | Squires |
| 32:10 | Build | Farm |
| 32:24 | Create | Villager (Male) ×5 |
| 32:24 | Create | Villager (Male) ×5 |
| 32:24 | Create | Villager (Male) ×5 |
| 32:25 | Create | Villager (Male) ×5 |
| 32:25 | Create | Villager (Male) |
| 32:30 | Build | House |
| 32:31 | Build | House |
| 32:36 | Build | House |
| 32:37 | Build | House |
| 32:38 | Build | House |
| 32:40 | Build | House |
| 33:05 | Create | Villager (Male) ×5 |
| 33:05 | Create | Villager (Male) ×5 |
| 33:19 | Age | Imperial Age |
| 33:36 | Research | Murder Holes |
| 33:52 | Research | Ballistics |
| 34:05 | Create | Villager (Male) ×5 |
| 34:05 | Create | Villager (Male) ×5 |
| 34:17 | Build | Farm |
| 34:32 | Build | Mining Camp |
| 34:37 | Create | Villager (Male) ×4 |
| 34:38 | Create | Villager (Male) ×4 |
| 34:38 | Create | Villager (Male) |
| 34:38 | Create | Villager (Male) |
| 34:39 | Create | Villager (Male) |
| 34:53 | Build | Town Center |
| 35:03 | Create | Villager (Male) ×2 |
| 35:03 | Create | Villager (Male) ×2 |
| 35:17 | Research | Town Patrol |
| 35:28 | Research | Heavy Plow |
| 35:31 | Research | Bow Saw |
| 35:42 | Create | Villager (Male) ×2 |
| 35:42 | Create | Villager (Male) ×2 |
| 36:07 | Build | Mining Camp |
Build order — H0LLy2610
First 150 of 297 actions detected
| 0:04 | Create | Villager (Male) ×4 |
| 0:10 | Build | House |
| 0:15 | Build | House |
| 0:44 | Build | House |
| 2:28 | Build | Palisade Wall |
| 2:42 | Create | Villager (Male) ×4 |
| 4:00 | Create | Villager (Male) ×3 |
| 5:18 | Build | Outpost |
| 5:51 | Create | Villager (Male) ×5 |
| 6:00 | Build | Lumber Camp |
| 7:33 | Build | Mining Camp |
| 8:01 | Create | Villager (Male) ×2 |
| 8:35 | Build | House |
| 8:36 | Build | House |
| 9:35 | Build | Mill |
| 9:40 | Create | Villager (Male) ×5 |
| 10:06 | Create | Villager (Male) |
| 10:10 | Research | Loom |
| 10:44 | Build | Lumber Camp |
| 12:47 | Research | Feudal Age |
| 12:55 | Build | Mining Camp |
| 13:12 | Build | Mill |
| 14:57 | Create | Villager (Male) ×5 |
| 14:57 | Create | Villager (Male) ×5 |
| 14:57 | Age | Feudal Age |
| 15:10 | Research | Horse Collar |
| 16:11 | Build | Market |
| 16:20 | Build | Farm |
| 16:20 | Build | Farm |
| 16:20 | Build | Farm |
| 16:21 | Build | Farm |
| 16:21 | Build | Farm |
| 16:21 | Build | Farm |
| 16:22 | Build | Farm |
| 16:22 | Build | Farm |
| 16:22 | Build | Farm |
| 16:23 | Build | Farm |
| 16:23 | Build | Farm |
| 16:23 | Build | Farm |
| 16:23 | Build | Farm |
| 16:25 | Build | Farm |
| 16:27 | Build | Farm |
| 16:29 | Build | Farm |
| 16:30 | Build | Farm |
| 16:35 | Create | Villager (Male) ×5 |
| 17:47 | Build | House |
| 17:49 | Build | House |
| 17:51 | Build | House |
| 17:52 | Build | House |
| 18:02 | Create | Villager (Male) ×5 |
| 19:01 | Build | Watch Tower |
| 19:15 | Build | Barracks |
| 19:33 | Build | Mining Camp |
| 19:47 | Build | Blacksmith |
| 20:25 | Build | Stone Wall |
| 21:15 | Build | Lumber Camp |
| 21:24 | Research | Castle Age |
| 21:44 | Build | Mining Camp |
| 23:20 | Build | Farm |
| 23:20 | Build | Farm |
| 23:20 | Build | Farm |
| 23:20 | Build | Farm |
| 23:21 | Build | Farm |
| 23:22 | Build | Farm |
| 23:22 | Build | Farm |
| 23:25 | Build | Farm |
| 23:26 | Build | Farm |
| 23:59 | Create | Spearman |
| 23:59 | Create | Spearman |
| 24:08 | Age | Castle Age |
| 24:25 | Create | Villager (Male) ×5 |
| 24:49 | Build | Town Center |
| 25:37 | Create | Trade Cart ×2 |
| 26:21 | Create | Villager (Male) ×5 |
| 26:38 | Research | Wheelbarrow |
| 26:39 | Research | Town Watch |
| 26:40 | Create | Villager (Male) ×5 |
| 26:47 | Research | Gold Mining |
| 26:48 | Research | Stone Mining |
| 26:51 | Research | Pikeman (upgrade) |
| 27:23 | Create | Villager (Male) ×5 |
| 27:36 | Build | Town Center |
| 28:58 | Build | Monastery |
| 29:21 | Build | House |
| 29:22 | Build | House |
| 29:23 | Build | House |
| 29:25 | Build | House |
| 29:27 | Build | House |
| 29:28 | Build | House |
| 30:04 | Research | Hand Cart |
| 30:05 | Research | Town Patrol |
| 30:07 | Create | Villager (Male) ×5 |
| 30:15 | Build | Farm |
| 30:27 | Create | Villager (Male) ×5 |
| 30:53 | Research | Hand Cart |
| 31:55 | Build | Stable |
| 32:05 | Create | Monk |
| 32:06 | Create | Monk |
| 32:55 | Build | Castle |
| 33:12 | Research | Bloodlines |
| 33:13 | Research | Husbandry |
| 33:18 | Research | Scale Barding Armor |
| 33:58 | Create | Villager (Male) ×5 |
| 35:20 | Create | Ghulam ×5 |
| 35:49 | Research | Imperial Age |
| 35:56 | Create | Villager (Male) ×5 |
| 35:56 | Create | Villager (Male) ×5 |
| 35:57 | Create | Villager (Male) ×2 |
| 36:26 | Build | Farm |
| 36:26 | Build | Farm |
| 36:26 | Build | Farm |
| 36:26 | Build | Farm |
| 36:27 | Build | Farm |
| 36:27 | Build | Farm |
| 36:27 | Build | Farm |
| 37:00 | Build | Mining Camp |
| 37:32 | Research | Chain Barding Armor |
| 37:35 | Research | Forging |
| 37:54 | Create | Villager (Male) ×5 |
| 38:05 | Create | Ghulam ×5 |
| 38:11 | Research | Double-Bit Axe |
| 38:21 | Create | Villager (Male) ×5 |
| 39:13 | Age | Imperial Age |
| 39:18 | Build | Siege Workshop |
| 39:21 | Build | Siege Workshop |
| 39:37 | Build | Caravanserai |
| 39:40 | Build | Caravanserai |
| 39:47 | Build | Caravanserai |
| 40:20 | Build | University |
| 40:30 | Build | Town Center |
| 40:34 | Build | Farm |
| 40:35 | Build | Farm |
| 40:35 | Build | Farm |
| 40:35 | Build | Farm |
| 40:35 | Build | Farm |
| 40:35 | Build | Farm |
| 40:36 | Build | Farm |
| 40:36 | Build | Farm |
| 40:36 | Build | Farm |
| 40:36 | Build | Farm |
| 40:37 | Build | Farm |
| 40:37 | Build | Farm |
| 40:38 | Build | Farm |
| 40:38 | Build | Farm |
| 40:38 | Build | Farm |
| 40:38 | Build | Farm |
| 40:39 | Build | Farm |
| 40:39 | Build | Farm |
| 40:39 | Build | Farm |
| 40:40 | Build | Farm |
Build order — Hebele
First 150 of 431 actions detected
| 0:10 | Build | Palisade Wall |
| 0:15 | Research | Loom |
| 0:24 | Create | Villager (Male) |
| 0:24 | Create | Villager (Male) |
| 0:24 | Create | Villager (Male) |
| 1:01 | Create | Villager (Male) |
| 1:08 | Build | House |
| 2:28 | Build | House |
| 3:17 | Build | House |
| 3:48 | Create | Villager (Male) |
| 4:13 | Create | Villager (Male) |
| 4:13 | Create | Villager (Male) |
| 4:20 | Build | Lumber Camp |
| 4:59 | Create | Villager (Male) |
| 5:22 | Create | Villager (Male) |
| 5:23 | Create | Villager (Male) |
| 6:28 | Create | Villager (Male) |
| 6:28 | Create | Villager (Male) |
| 6:29 | Create | Villager (Male) |
| 6:29 | Create | Villager (Male) |
| 7:31 | Create | Villager (Male) |
| 7:32 | Create | Villager (Male) |
| 7:32 | Create | Villager (Male) |
| 7:36 | Create | Villager (Male) |
| 7:36 | Create | Villager (Male) |
| 7:48 | Create | Villager (Male) |
| 7:48 | Create | Villager (Male) |
| 7:49 | Create | Villager (Male) |
| 7:50 | Create | Villager (Male) |
| 8:13 | Build | Mill |
| 9:22 | Create | Villager (Male) |
| 10:11 | Research | Feudal Age |
| 10:24 | Build | House |
| 10:26 | Build | House |
| 10:58 | Build | Mill |
| 11:17 | Build | Mill |
| 11:21 | Create | Villager (Male) |
| 12:18 | Create | Villager (Male) |
| 12:23 | Age | Feudal Age |
| 12:30 | Research | Double-Bit Axe |
| 12:42 | Build | Market |
| 12:56 | Build | Stone Wall |
| 12:59 | Create | Villager (Male) |
| 13:00 | Create | Villager (Male) |
| 13:10 | Build | Mining Camp |
| 13:22 | Create | Villager (Male) |
| 13:45 | Create | Villager (Male) |
| 14:38 | Research | Horse Collar |
| 14:52 | Build | Blacksmith |
| 15:05 | Create | Villager (Male) |
| 15:10 | Create | Villager (Male) |
| 15:35 | Build | Farm |
| 15:36 | Create | Villager (Male) |
| 15:49 | Build | House |
| 15:57 | Build | Farm |
| 16:17 | Build | House |
| 16:31 | Research | Castle Age |
| 16:36 | Build | Mining Camp |
| 16:41 | Create | Villager (Male) |
| 17:30 | Build | Lumber Camp |
| 18:06 | Create | Trade Cart |
| 18:19 | Build | Stone Wall |
| 18:29 | Research | Stone Mining |
| 19:11 | Age | Castle Age |
| 19:22 | Build | Town Center |
| 19:24 | Create | Villager (Male) |
| 19:25 | Create | Villager (Male) |
| 19:32 | Research | Stone Shaft Mining |
| 19:45 | Create | Villager (Male) |
| 19:59 | Build | Town Center |
| 20:02 | Create | Villager (Male) |
| 20:02 | Create | Villager (Male) |
| 20:17 | Research | Wheelbarrow |
| 20:17 | Create | Villager (Male) |
| 20:28 | Build | Stone Wall |
| 20:48 | Build | Town Center |
| 20:50 | Create | Villager (Male) |
| 21:23 | Build | Farm |
| 21:23 | Build | Farm |
| 21:27 | Create | Villager (Male) |
| 21:40 | Build | House |
| 22:00 | Build | Monastery |
| 22:08 | Build | House |
| 22:23 | Create | Villager (Male) |
| 22:35 | Build | Farm |
| 22:36 | Build | Farm |
| 22:45 | Build | Farm |
| 22:47 | Build | Farm |
| 22:48 | Create | Villager (Male) |
| 22:48 | Create | Villager (Male) |
| 23:01 | Build | University |
| 23:04 | Create | Monk |
| 23:14 | Build | House |
| 23:23 | Create | Villager (Male) |
| 23:28 | Build | Farm |
| 23:42 | Build | Farm |
| 23:43 | Build | Farm |
| 23:43 | Build | Farm |
| 23:43 | Build | Farm |
| 23:43 | Build | Farm |
| 23:44 | Build | Farm |
| 23:44 | Build | Farm |
| 23:46 | Create | Villager (Male) |
| 23:53 | Build | Farm |
| 23:59 | Create | Villager (Male) |
| 23:59 | Create | Villager (Male) |
| 24:21 | Build | Mining Camp |
| 24:23 | Create | Villager (Male) |
| 24:27 | Build | Farm |
| 24:29 | Build | Farm |
| 24:30 | Create | Villager (Male) |
| 24:40 | Build | Farm |
| 24:45 | Build | Farm |
| 24:48 | Build | Farm |
| 24:50 | Create | Villager (Male) |
| 24:55 | Create | Villager (Male) |
| 25:37 | Build | Farm |
| 25:39 | Research | Heavy Plow |
| 25:46 | Research | Town Watch |
| 25:47 | Create | Villager (Male) |
| 25:47 | Create | Villager (Male) |
| 25:49 | Create | Villager (Male) |
| 25:49 | Create | Villager (Male) |
| 25:57 | Build | Farm |
| 25:58 | Build | Farm |
| 25:58 | Build | Farm |
| 25:58 | Build | Farm |
| 26:01 | Create | Villager (Male) |
| 26:16 | Build | Castle |
| 26:17 | Create | Villager (Male) |
| 26:18 | Create | Villager (Male) |
| 26:24 | Build | Farm |
| 26:25 | Create | Villager (Male) |
| 26:29 | Create | Villager (Male) |
| 26:29 | Create | Villager (Male) |
| 26:41 | Create | Villager (Male) |
| 26:49 | Create | Villager (Male) |
| 26:53 | Create | Villager (Male) |
| 26:54 | Create | Villager (Male) |
| 26:54 | Create | Villager (Male) |
| 27:09 | Build | Barracks |
| 27:11 | Create | Villager (Male) |
| 27:11 | Create | Villager (Male) |
| 27:19 | Create | Villager (Male) |
| 27:19 | Create | Villager (Male) |
| 27:29 | Create | Villager (Male) |
| 27:30 | Create | Villager (Male) |
| 27:37 | Build | Farm |
| 27:38 | Build | Farm |
| 27:38 | Build | Farm |
Build order — Flobull
First 150 of 429 actions detected
| 0:12 | Build | House |
| 0:19 | Build | Palisade Wall |
| 0:24 | Research | Loom |
| 0:25 | Create | Villager (Male) ×4 |
| 3:09 | Build | Palisade Wall |
| 3:14 | Create | Villager (Male) |
| 3:54 | Build | House |
| 4:00 | Build | House |
| 4:25 | Create | Villager (Male) |
| 4:46 | Build | Lumber Camp |
| 5:37 | Create | Villager (Male) |
| 5:55 | Create | Villager (Male) |
| 6:32 | Create | Villager (Male) |
| 6:41 | Create | Villager (Male) |
| 7:10 | Create | Villager (Male) |
| 7:30 | Build | House |
| 7:37 | Create | Villager (Male) |
| 8:06 | Create | Villager (Male) |
| 8:19 | Build | House |
| 8:30 | Build | House |
| 8:34 | Build | House |
| 8:36 | Create | Villager (Male) |
| 9:01 | Create | Villager (Male) |
| 9:25 | Create | Villager (Male) |
| 9:40 | Build | Mill |
| 10:14 | Create | Villager (Male) |
| 10:40 | Create | Villager (Male) ×2 |
| 10:40 | Create | Villager (Male) |
| 11:08 | Build | Farm |
| 11:13 | Build | Farm |
| 11:25 | Build | Mill |
| 11:32 | Create | Villager (Male) |
| 11:44 | Build | Farm |
| 12:23 | Create | Villager (Male) |
| 13:07 | Build | Farm |
| 13:09 | Create | Villager (Male) |
| 13:09 | Create | Villager (Male) |
| 13:09 | Create | Villager (Male) |
| 13:10 | Create | Villager (Male) |
| 13:11 | Create | Villager (Male) |
| 14:45 | Build | Mining Camp |
| 14:48 | Create | Villager (Male) |
| 14:48 | Create | Villager (Male) |
| 15:15 | Create | Villager (Male) |
| 15:15 | Create | Villager (Male) |
| 16:25 | Research | Feudal Age |
| 19:11 | Build | Market |
| 19:17 | Build | Blacksmith |
| 19:29 | Build | Market |
| 19:39 | Research | Wheelbarrow |
| 19:44 | Research | Horse Collar |
| 19:49 | Research | Gold Mining |
| 19:50 | Research | Stone Mining |
| 19:58 | Build | Lumber Camp |
| 20:00 | Create | Villager (Male) |
| 20:01 | Create | Villager (Male) |
| 20:02 | Create | Villager (Male) |
| 20:03 | Create | Villager (Male) |
| 20:37 | Build | Farm |
| 20:37 | Build | Farm |
| 20:37 | Build | Farm |
| 20:38 | Build | Farm |
| 20:38 | Build | Farm |
| 21:38 | Research | Castle Age |
| 22:00 | Build | House |
| 22:05 | Build | House |
| 22:08 | Build | House |
| 22:10 | Build | House |
| 22:26 | Build | Farm |
| 22:26 | Build | Farm |
| 22:31 | Build | Farm |
| 22:32 | Build | Farm |
| 22:43 | Build | Farm |
| 22:43 | Build | Farm |
| 22:45 | Build | Farm |
| 22:54 | Create | Trade Cart ×3 |
| 23:50 | Create | Trade Cart |
| 23:50 | Create | Trade Cart |
| 24:12 | Build | Mill |
| 24:57 | Research | Hand Cart |
| 25:11 | Research | Heavy Plow |
| 25:18 | Build | Farm |
| 25:18 | Build | Farm |
| 25:24 | Research | Caravan |
| 25:28 | Research | Gold Shaft Mining |
| 25:35 | Create | Villager (Male) |
| 25:38 | Create | Villager (Male) |
| 25:38 | Create | Villager (Male) |
| 25:39 | Create | Villager (Male) |
| 25:51 | Build | Lumber Camp |
| 26:40 | Build | Town Center |
| 27:03 | Create | Trade Cart |
| 27:06 | Create | Trade Cart |
| 27:25 | Create | Villager (Male) |
| 27:27 | Create | Villager (Male) |
| 27:59 | Build | Town Center |
| 28:11 | Create | Villager (Male) |
| 28:14 | Create | Trade Cart |
| 28:16 | Create | Trade Cart |
| 28:37 | Create | Villager (Male) |
| 28:37 | Create | Villager (Male) |
| 28:54 | Build | House |
| 28:56 | Build | House |
| 29:00 | Build | House |
| 29:04 | Build | House |
| 29:06 | Build | House |
| 29:07 | Build | House |
| 29:10 | Build | House |
| 29:21 | Build | House |
| 29:26 | Build | House |
| 29:28 | Build | House |
| 29:34 | Create | Villager (Male) ×5 |
| 29:35 | Create | Villager (Male) ×5 |
| 29:47 | Build | Lumber Camp |
| 29:51 | Create | Trade Cart |
| 29:51 | Create | Trade Cart |
| 29:53 | Create | Trade Cart |
| 30:22 | Create | Villager (Male) ×5 |
| 30:39 | Build | House |
| 30:43 | Build | House |
| 30:44 | Build | House |
| 31:07 | Build | Town Center |
| 31:13 | Create | Villager (Male) ×5 |
| 31:21 | Create | Trade Cart ×3 |
| 31:21 | Create | Trade Cart |
| 31:25 | Create | Villager (Male) ×5 |
| 31:59 | Create | Villager (Male) ×5 |
| 32:15 | Build | University |
| 32:22 | Build | Siege Workshop |
| 32:40 | Create | Trade Cart |
| 32:40 | Create | Trade Cart |
| 32:53 | Build | House |
| 33:00 | Build | House |
| 33:03 | Build | House |
| 33:05 | Build | House |
| 33:09 | Build | House |
| 33:12 | Build | House |
| 33:14 | Build | House |
| 33:15 | Build | House |
| 33:20 | Build | House |
| 33:32 | Research | Imperial Age |
| 33:35 | Create | Villager (Male) ×11 |
| 34:15 | Build | Gate |
| 34:22 | Build | Barracks |
| 34:26 | Build | Barracks |
| 34:30 | Build | Barracks |
| 34:32 | Build | Farm |
| 34:38 | Build | Siege Workshop |
| 34:39 | Build | Farm |
| 34:39 | Build | Farm |
Build order — TheMentoR
First 150 of 292 actions detected
| 0:03 | Build | House |
| 0:05 | Build | House |
| 0:12 | Create | Villager (Male) ×4 |
| 0:24 | Research | Loom |
| 0:25 | Create | Villager (Male) |
| 0:25 | Create | Villager (Male) |
| 0:26 | Create | Villager (Male) |
| 1:24 | Build | Palisade Wall |
| 2:04 | Build | Palisade Wall |
| 2:28 | Create | Villager (Male) |
| 2:28 | Create | Villager (Male) |
| 3:41 | Create | Villager (Male) |
| 3:41 | Create | Villager (Male) |
| 3:58 | Build | Palisade Wall |
| 4:07 | Build | Palisade Wall |
| 4:35 | Create | Villager (Male) |
| 4:35 | Create | Villager (Male) |
| 4:56 | Create | Villager (Male) |
| 4:57 | Create | Villager (Male) |
| 5:21 | Build | Palisade Wall |
| 5:42 | Build | Palisade Wall |
| 5:58 | Build | Palisade Wall |
| 6:09 | Build | Palisade Wall |
| 6:11 | Create | Villager (Male) |
| 6:11 | Create | Villager (Male) |
| 6:11 | Create | Villager (Male) |
| 6:11 | Create | Villager (Male) |
| 6:30 | Build | Palisade Wall |
| 6:47 | Create | Villager (Male) |
| 6:47 | Create | Villager (Male) |
| 7:51 | Build | House |
| 7:54 | Build | House |
| 8:25 | Build | House |
| 9:01 | Create | Villager (Male) |
| 9:01 | Create | Villager (Male) |
| 9:01 | Create | Villager (Male) |
| 9:02 | Create | Villager (Male) |
| 9:43 | Build | House |
| 10:00 | Build | Lumber Camp |
| 10:21 | Build | Palisade Wall |
| 12:46 | Build | Mill |
| 13:12 | Build | Palisade Wall |
| 13:16 | Build | Palisade Wall |
| 13:52 | Create | Villager (Male) |
| 13:52 | Create | Villager (Male) |
| 13:52 | Create | Villager (Male) |
| 13:53 | Create | Villager (Male) |
| 13:53 | Create | Villager (Male) |
| 13:54 | Create | Villager (Male) |
| 14:53 | Build | Palisade Wall |
| 16:23 | Research | Feudal Age |
| 16:33 | Build | Mining Camp |
| 17:36 | Build | House |
| 17:37 | Build | House |
| 18:25 | Build | Farm |
| 18:25 | Build | Farm |
| 18:26 | Build | Farm |
| 18:26 | Build | Farm |
| 18:26 | Build | Farm |
| 18:27 | Build | Farm |
| 18:28 | Build | Farm |
| 18:33 | Age | Feudal Age |
| 18:35 | Create | Villager (Male) ×5 |
| 18:47 | Research | Double-Bit Axe |
| 18:47 | Research | Double-Bit Axe |
| 19:02 | Build | Farm |
| 19:30 | Build | Stone Wall |
| 19:41 | Create | Villager (Male) |
| 19:41 | Create | Villager (Male) |
| 19:41 | Create | Villager (Male) |
| 19:50 | Build | House |
| 19:57 | Research | Horse Collar |
| 20:31 | Build | Gate |
| 21:21 | Build | House |
| 21:38 | Build | Market |
| 21:46 | Create | Villager (Male) |
| 21:46 | Create | Villager (Male) |
| 21:46 | Create | Villager (Male) |
| 21:47 | Create | Villager (Male) |
| 22:16 | Build | Stone Wall |
| 22:31 | Create | Villager (Male) |
| 22:31 | Create | Villager (Male) |
| 22:32 | Create | Villager (Male) |
| 22:32 | Create | Villager (Male) |
| 22:48 | Build | Mill |
| 23:05 | Build | Farm |
| 23:49 | Build | Blacksmith |
| 24:08 | Build | Farm |
| 24:08 | Build | Farm |
| 24:12 | Create | Villager (Male) |
| 24:12 | Create | Villager (Male) |
| 24:13 | Create | Villager (Male) |
| 24:13 | Create | Villager (Male) |
| 24:24 | Build | House |
| 24:24 | Build | House |
| 24:24 | Build | House |
| 24:25 | Build | House |
| 24:26 | Build | House |
| 24:26 | Build | House |
| 24:26 | Build | House |
| 24:28 | Build | House |
| 24:29 | Build | House |
| 24:30 | Build | House |
| 24:30 | Build | House |
| 24:31 | Build | House |
| 24:31 | Build | House |
| 24:32 | Build | House |
| 24:37 | Build | Farm |
| 24:46 | Build | Farm |
| 24:59 | Build | Stone Wall |
| 25:05 | Build | House |
| 25:06 | Build | House |
| 25:07 | Build | House |
| 25:15 | Build | Farm |
| 25:22 | Research | Castle Age |
| 25:36 | Build | Mining Camp |
| 25:45 | Build | Farm |
| 26:50 | Build | Stone Wall |
| 27:09 | Build | House |
| 27:12 | Build | House |
| 27:12 | Build | House |
| 27:14 | Build | House |
| 28:14 | Build | Farm |
| 28:14 | Build | Farm |
| 28:15 | Build | Farm |
| 28:20 | Age | Castle Age |
| 28:22 | Research | Gold Mining |
| 28:24 | Research | Stone Mining |
| 28:29 | Create | Villager (Male) ×5 |
| 28:53 | Build | Town Center |
| 29:06 | Build | Town Center |
| 29:14 | Research | Heavy Plow |
| 29:16 | Research | Bow Saw |
| 29:18 | Research | Wheelbarrow |
| 29:18 | Research | Town Watch |
| 29:19 | Create | Villager (Male) |
| 29:19 | Create | Villager (Male) |
| 29:20 | Create | Villager (Male) |
| 29:20 | Create | Villager (Male) |
| 29:20 | Create | Villager (Male) |
| 29:44 | Build | Monastery |
| 30:10 | Build | Mining Camp |
| 31:14 | Build | Farm |
| 31:16 | Build | Farm |
| 31:43 | Build | Farm |
| 31:46 | Create | Villager (Male) |
| 31:47 | Create | Villager (Male) |
| 31:47 | Create | Villager (Male) |
| 31:47 | Create | Villager (Male) |
| 31:47 | Create | Villager (Male) |
Build order — Goup
First 150 of 309 actions detected
| 0:03 | Create | Villager (Male) |
| 0:03 | Create | Villager (Male) |
| 0:04 | Create | Villager (Male) |
| 0:04 | Create | Villager (Male) |
| 0:04 | Create | Villager (Male) |
| 0:08 | Build | House |
| 1:06 | Build | House |
| 1:52 | Create | Villager (Male) |
| 2:29 | Create | Villager (Male) |
| 2:29 | Create | Villager (Male) |
| 3:20 | Build | Lumber Camp |
| 3:28 | Create | Villager (Male) |
| 3:28 | Create | Villager (Male) |
| 3:28 | Create | Villager (Male) |
| 4:34 | Create | Villager (Male) |
| 4:48 | Create | Villager (Male) |
| 4:48 | Create | Villager (Male) |
| 4:55 | Build | House |
| 4:57 | Build | House |
| 5:22 | Create | Villager (Male) |
| 6:08 | Create | Villager (Male) |
| 6:34 | Build | Mill |
| 6:39 | Create | Villager (Male) |
| 7:04 | Create | Villager (Male) |
| 7:36 | Create | Villager (Male) |
| 8:09 | Create | Villager (Male) |
| 8:19 | Build | House |
| 8:48 | Research | Feudal Age |
| 8:49 | Create | Villager (Male) |
| 9:43 | Create | Villager (Male) |
| 9:57 | Build | Mining Camp |
| 10:58 | Age | Feudal Age |
| 11:08 | Create | Villager (Male) |
| 11:16 | Build | Barracks |
| 12:15 | Build | Archery Range |
| 12:20 | Build | Archery Range |
| 12:25 | Create | Villager (Male) |
| 12:25 | Create | Villager (Male) |
| 12:25 | Create | Villager (Male) |
| 13:27 | Create | Villager (Male) |
| 13:32 | Build | House |
| 14:54 | Build | Stone Wall |
| 15:00 | Build | Gate |
| 15:07 | Create | Villager (Male) |
| 15:07 | Create | Villager (Male) |
| 15:07 | Create | Villager (Male) |
| 15:53 | Create | Villager (Male) |
| 16:05 | Create | Archer |
| 16:06 | Create | Archer |
| 16:54 | Build | Market |
| 17:00 | Create | Villager (Male) |
| 17:01 | Create | Villager (Male) |
| 17:01 | Create | Villager (Male) |
| 17:14 | Build | House |
| 17:47 | Create | Archer |
| 17:48 | Create | Archer |
| 18:07 | Build | Blacksmith |
| 18:24 | Build | Farm |
| 18:42 | Research | Castle Age |
| 19:19 | Create | Villager (Male) |
| 19:19 | Create | Villager (Male) |
| 19:32 | Build | Farm |
| 19:34 | Build | Farm |
| 19:36 | Build | Farm |
| 19:38 | Build | Farm |
| 19:51 | Build | House |
| 20:05 | Build | Farm |
| 20:10 | Build | Farm |
| 20:26 | Build | Farm |
| 20:32 | Build | Farm |
| 20:48 | Build | Farm |
| 20:56 | Build | Farm |
| 21:04 | Build | Farm |
| 21:16 | Build | Farm |
| 21:22 | Age | Castle Age |
| 21:32 | Create | Villager (Male) |
| 21:43 | Build | Town Center |
| 22:01 | Create | Villager (Male) |
| 22:02 | Create | Villager (Male) |
| 22:13 | Research | Crossbowman (upgrade) |
| 22:14 | Create | Archer |
| 22:15 | Create | Archer |
| 22:51 | Create | Villager (Male) |
| 22:52 | Create | Villager (Male) |
| 23:13 | Build | House |
| 23:14 | Build | House |
| 23:27 | Build | House |
| 23:33 | Create | Villager (Male) |
| 23:59 | Create | Villager (Male) |
| 24:00 | Create | Villager (Male) |
| 24:11 | Create | Villager (Male) |
| 24:36 | Create | Villager (Male) |
| 24:39 | Create | Villager (Male) |
| 24:59 | Build | Farm |
| 25:08 | Create | Villager (Male) |
| 25:18 | Create | Villager (Male) |
| 25:23 | Build | Farm |
| 25:44 | Create | Trade Cart |
| 25:45 | Create | Trade Cart |
| 26:01 | Create | Villager (Male) |
| 26:01 | Create | Villager (Male) |
| 26:06 | Create | Villager (Male) |
| 26:06 | Create | Villager (Male) |
| 26:31 | Build | Town Center |
| 26:41 | Build | House |
| 26:43 | Build | House |
| 26:53 | Build | House |
| 26:54 | Build | House |
| 26:59 | Create | Villager (Male) |
| 27:03 | Create | Villager (Male) |
| 27:03 | Create | Villager (Male) |
| 27:12 | Create | Archer |
| 27:13 | Create | Archer |
| 27:16 | Create | Archer |
| 27:23 | Create | Villager (Male) |
| 27:27 | Create | Villager (Male) |
| 27:42 | Create | Archer |
| 27:42 | Create | Archer |
| 27:46 | Build | House |
| 27:47 | Build | House |
| 27:49 | Build | House |
| 27:52 | Build | House |
| 28:04 | Create | Trade Cart |
| 28:57 | Build | Castle |
| 29:06 | Create | Archer |
| 29:22 | Create | Villager (Male) |
| 29:58 | Create | Villager (Male) |
| 30:13 | Research | Imperial Age |
| 30:21 | Create | Villager (Male) |
| 30:21 | Create | Villager (Male) |
| 30:22 | Create | Villager (Male) |
| 30:27 | Research | Wheelbarrow |
| 30:30 | Research | Town Watch |
| 30:35 | Create | Villager (Male) |
| 30:47 | Build | House |
| 30:49 | Build | House |
| 30:51 | Build | House |
| 31:09 | Create | Archer |
| 31:10 | Create | Archer |
| 31:10 | Create | Archer |
| 31:10 | Create | Archer |
| 31:16 | Research | Padded Archer Armor |
| 31:17 | Research | Fletching |
| 31:25 | Build | University |
| 31:29 | Research | Gold Mining |
| 32:04 | Research | Caravan |
| 32:11 | Build | Farm |
| 32:17 | Build | Farm |
| 32:24 | Build | Farm |
| 32:32 | Create | Villager (Male) |
Build order — Burak_el_Lion
First 150 of 286 actions detected
| 0:35 | Build | House |
| 0:39 | Research | Loom |
| 0:40 | Create | Villager (Male) |
| 0:40 | Create | Villager (Male) |
| 0:40 | Create | Villager (Male) |
| 0:40 | Create | Villager (Male) |
| 0:40 | Create | Villager (Male) |
| 2:18 | Create | Villager (Male) |
| 2:57 | Create | Villager (Male) |
| 2:57 | Create | Villager (Male) |
| 3:18 | Build | House |
| 3:22 | Create | Villager (Male) |
| 4:14 | Create | Villager (Male) |
| 4:14 | Create | Villager (Male) |
| 4:15 | Create | Villager (Male) |
| 5:01 | Create | Villager (Male) |
| 5:01 | Create | Villager (Male) |
| 5:01 | Create | Villager (Male) |
| 5:01 | Create | Villager (Male) |
| 5:02 | Create | Villager (Male) |
| 5:02 | Create | Villager (Male) |
| 6:36 | Build | Lumber Camp |
| 6:43 | Build | Mining Camp |
| 8:03 | Build | Mill |
| 8:33 | Research | Feudal Age |
| 10:43 | Age | Feudal Age |
| 11:30 | Build | House |
| 12:13 | Build | Barracks |
| 12:33 | Build | Mining Camp |
| 12:36 | Create | Villager (Male) |
| 12:37 | Create | Villager (Male) |
| 12:37 | Create | Villager (Male) |
| 12:37 | Create | Villager (Male) |
| 12:37 | Create | Villager (Male) |
| 12:37 | Create | Villager (Male) |
| 12:37 | Create | Villager (Male) |
| 12:38 | Create | Villager (Male) |
| 12:38 | Create | Villager (Male) |
| 12:38 | Create | Villager (Male) |
| 13:08 | Build | Farm |
| 13:47 | Create | Villager (Male) |
| 13:47 | Create | Villager (Male) |
| 13:47 | Create | Villager (Male) |
| 13:47 | Create | Villager (Male) |
| 13:48 | Create | Villager (Male) |
| 13:48 | Create | Villager (Male) |
| 13:48 | Create | Villager (Male) |
| 13:48 | Create | Villager (Male) |
| 14:48 | Build | House |
| 16:18 | Create | Spearman ×4 |
| 16:18 | Create | Spearman ×4 |
| 16:18 | Create | Spearman ×4 |
| 16:18 | Create | Spearman ×4 |
| 17:13 | Build | House |
| 17:15 | Build | House |
| 17:17 | Build | House |
| 18:13 | Build | Farm |
| 18:17 | Build | Farm |
| 18:48 | Build | Farm |
| 19:25 | Build | House |
| 19:31 | Build | House |
| 19:32 | Build | House |
| 19:34 | Build | House |
| 19:35 | Build | House |
| 19:43 | Create | Villager (Male) |
| 19:43 | Create | Villager (Male) |
| 19:44 | Create | Villager (Male) |
| 19:44 | Create | Villager (Male) |
| 19:44 | Create | Villager (Male) |
| 19:44 | Create | Villager (Male) |
| 19:45 | Create | Villager (Male) |
| 19:45 | Create | Villager (Male) |
| 19:45 | Create | Villager (Male) |
| 19:45 | Create | Villager (Male) |
| 19:46 | Create | Villager (Male) |
| 19:46 | Create | Villager (Male) |
| 20:09 | Build | Blacksmith |
| 20:25 | Build | Mining Camp |
| 21:11 | Build | Market |
| 21:34 | Build | Market |
| 21:43 | Create | Villager (Male) |
| 21:43 | Create | Villager (Male) |
| 21:43 | Create | Villager (Male) |
| 21:44 | Create | Villager (Male) |
| 21:45 | Create | Villager (Male) |
| 22:14 | Build | Farm |
| 22:35 | Research | Horse Collar |
| 23:26 | Research | Castle Age |
| 23:29 | Create | Villager (Male) |
| 23:29 | Create | Villager (Male) |
| 23:30 | Create | Villager (Male) |
| 24:02 | Create | Trade Cart |
| 24:03 | Create | Trade Cart |
| 24:03 | Create | Trade Cart |
| 24:03 | Create | Trade Cart |
| 24:04 | Create | Trade Cart |
| 24:04 | Create | Trade Cart |
| 24:04 | Create | Trade Cart |
| 24:04 | Create | Trade Cart |
| 24:05 | Create | Trade Cart |
| 24:37 | Research | Double-Bit Axe |
| 24:44 | Create | Villager (Male) |
| 26:06 | Age | Castle Age |
| 26:11 | Build | Castle |
| 26:20 | Research | Gold Mining |
| 26:21 | Research | Stone Mining |
| 26:36 | Build | Farm |
| 26:38 | Build | Farm |
| 26:39 | Build | Farm |
| 26:41 | Build | Farm |
| 27:11 | Create | Villager (Male) |
| 27:11 | Create | Villager (Male) |
| 27:11 | Create | Villager (Male) |
| 27:12 | Create | Villager (Male) |
| 27:12 | Create | Villager (Male) |
| 27:21 | Build | Town Center |
| 27:53 | Create | Villager (Male) |
| 27:53 | Create | Villager (Male) |
| 27:53 | Create | Villager (Male) |
| 28:05 | Create | Villager (Male) |
| 28:06 | Create | Villager (Male) |
| 28:54 | Research | Scale Mail Armor |
| 29:22 | Build | Barracks |
| 29:25 | Build | Barracks |
| 29:26 | Build | Barracks |
| 29:46 | Build | Farm |
| 29:48 | Build | Farm |
| 29:57 | Create | Villager (Male) |
| 29:57 | Create | Villager (Male) |
| 29:57 | Create | Villager (Male) |
| 29:58 | Create | Villager (Male) |
| 29:58 | Create | Villager (Male) |
| 30:05 | Build | Farm |
| 30:42 | Build | House |
| 30:43 | Build | House |
| 30:44 | Build | House |
| 30:45 | Build | House |
| 30:46 | Build | House |
| 30:48 | Build | House |
| 30:49 | Build | House |
| 30:50 | Build | House |
| 31:07 | Research | Heavy Plow |
| 31:43 | Build | Archery Range |
| 31:45 | Build | Archery Range |
| 31:46 | Build | Archery Range |
| 32:08 | Build | Town Center |
| 32:17 | Create | Villager (Male) |
| 32:17 | Create | Villager (Male) |
| 32:18 | Create | Villager (Male) |
| 32:18 | Create | Villager (Male) |
Match timeline
| 0:10 | Hebele · wall_segment Palisade Wall x13 |
| 0:19 | Flobull · wall_segment Palisade Wall x17 |
| 0:34 | gabkivan · wall_segment Palisade Wall x9 |
| 0:39 | gabkivan · wall_segment Palisade Wall x18 |
| 1:24 | TheMentoR · wall_segment Palisade Wall x17 |
| 2:04 | TheMentoR · wall_segment Palisade Wall x16 |
| 2:28 | H0LLy2610 · wall_segment Palisade Wall x13 |
| 3:09 | Flobull · wall_segment Palisade Wall x10 |
| 3:58 | TheMentoR · wall_segment Palisade Wall x18 |
| 4:07 | TheMentoR · wall_segment Palisade Wall x11 |
| 4:14 | gabkivan · wall_segment Palisade Wall x18 |
| 5:21 | TheMentoR · wall_segment Palisade Wall x16 |
| 5:42 | TheMentoR · wall_segment Palisade Wall x3 |
| 5:58 | TheMentoR · wall_segment Palisade Wall x13 |
| 6:09 | TheMentoR · wall_segment Palisade Wall x7 |
| 6:30 | TheMentoR · wall_segment Palisade Wall x9 |
| 9:08 | gabkivan · first_building Barracks |
| 10:21 | TheMentoR · wall_segment Palisade Wall x9 |
| 10:43 | Burak_el_Lion · age_up feudal |
| 10:58 | Goup · age_up feudal |
| 11:16 | Goup · first_building Barracks |
| 12:13 | Burak_el_Lion · first_building Barracks |
| 12:15 | Goup · first_building Archery Range |
| 12:23 | Hebele · age_up feudal |
| 12:29 | xemre89 · first_building Barracks |
| 12:55 | xemre89 · age_up feudal |
| 12:56 | Hebele · wall_segment Stone Wall x13 |
| 13:12 | TheMentoR · wall_segment Palisade Wall x2 |
| 13:16 | TheMentoR · wall_segment Palisade Wall x11 |
| 14:31 | xemre89 · first_building Archery Range |
| 14:53 | TheMentoR · wall_segment Palisade Wall x12 |
| 14:54 | Goup · wall_segment Stone Wall x14 |
| 14:57 | H0LLy2610 · age_up feudal |
| 16:28 | Hebele · first_market_sell 100 stone |
| 16:40 | gabkivan · age_up feudal |
| 17:14 | gabkivan · wall_segment Palisade Wall x11 |
| 18:19 | Hebele · wall_segment Stone Wall x12 |
| 18:33 | TheMentoR · age_up feudal |
| 18:38 | xemre89 · age_up castle |
| 19:07 | xemre89 · first_market_buy 100 wood |
| 19:09 | gabkivan · wall_segment Stone Wall x1 |
| 19:11 | Hebele · age_up castle |
| 19:15 | H0LLy2610 · first_building Barracks |
| 19:15 | gabkivan · wall_segment Stone Wall x10 |
| 19:30 | TheMentoR · wall_segment Stone Wall x14 |
| 19:51 | Hebele · first_market_buy 100 stone |
| 20:25 | H0LLy2610 · wall_segment Stone Wall x12 |
| 20:28 | Hebele · wall_segment Stone Wall x11 |
| 21:22 | Goup · age_up castle |
| 22:00 | Hebele · first_building Monastery |
| 22:16 | TheMentoR · wall_segment Stone Wall x14 |
| 24:08 | H0LLy2610 · age_up castle |
| 24:11 | xemre89 · first_building Castle |
| 24:59 | TheMentoR · wall_segment Stone Wall x13 |
| 25:55 | xemre89 · wall_segment Stone Wall x11 |
| 26:06 | Burak_el_Lion · age_up castle |
| 26:11 | Burak_el_Lion · first_building Castle |
| 26:16 | Hebele · first_building Castle |
| 26:33 | gabkivan · first_building Archery Range |
| 26:34 | xemre89 · first_building Siege Workshop |
| 26:50 | TheMentoR · wall_segment Stone Wall x17 |
| 27:09 | Hebele · first_building Barracks |
| 28:08 | gabkivan · first_building Stable |
| 28:20 | TheMentoR · age_up castle |
| 28:46 | gabkivan · age_up castle |
| 28:57 | Goup · first_building Castle |
| 28:58 | H0LLy2610 · first_building Monastery |
| 29:07 | gabkivan · first_building Castle |
| 29:39 | gabkivan · first_building Monastery |
| 29:44 | TheMentoR · first_building Monastery |
| 30:01 | xemre89 · first_building Monastery |
| 30:17 | Hebele · first_building Archery Range |
| 31:43 | Burak_el_Lion · first_building Archery Range |
| 31:55 | H0LLy2610 · first_building Stable |
| 32:22 | Flobull · first_building Siege Workshop |
| 32:25 | Hebele · age_up imperial |
| 32:50 | TheMentoR · first_market_buy 100 stone |
| 32:55 | H0LLy2610 · first_building Castle |
| 33:05 | Burak_el_Lion · first_building Siege Workshop |
| 33:06 | Hebele · first_building Stable |
| 33:08 | TheMentoR · first_building Castle |
| 33:19 | gabkivan · age_up imperial |
| 33:23 | Goup · age_up imperial |
| 33:43 | xemre89 · first_market_sell 100 wood |
| 33:44 | Hebele · first_building Siege Workshop |
| 34:04 | Hebele · tribute_sent a jugador 1 |
| 34:04 | Hebele · tribute_sent a jugador 2 |
| 34:04 | Hebele · tribute_sent a jugador 3 |
| 34:04 | Hebele · tribute_sent a jugador 5 |
| 34:04 | Hebele · tribute_sent a jugador 6 |
| 34:04 | Hebele · tribute_sent a jugador 7 |
| 34:04 | Hebele · tribute_sent a jugador 8 |
| 34:21 | TheMentoR · first_building Siege Workshop |
| 34:22 | Flobull · first_building Barracks |
| 35:05 | xemre89 · wall_segment Stone Wall x9 |
| 35:14 | Burak_el_Lion · first_market_buy 500 food |
| 35:50 | Flobull · first_building Castle |
| 36:19 | Flobull · first_building Stable |
| 37:09 | xemre89 · age_up imperial |
| 38:55 | TheMentoR · age_up imperial |
| 39:13 | H0LLy2610 · age_up imperial |
| 39:18 | H0LLy2610 · first_building Siege Workshop |
| 40:46 | Burak_el_Lion · age_up imperial |
| 41:53 | gabkivan · first_building Siege Workshop |
| 43:02 | Flobull · first_market_buy 100 wood |
| 48:11 | Flobull · wall_segment Stone Wall x10 |
| 50:07 | Flobull · first_building Archery Range |
| 51:17 | Goup · first_building Siege Workshop |
| 55:36 | Goup · tribute_sent a jugador 1 |
| 55:36 | Goup · tribute_sent a jugador 2 |
| 55:36 | Goup · tribute_sent a jugador 3 |
| 55:36 | Goup · tribute_sent a jugador 4 |
| 55:36 | Goup · tribute_sent a jugador 5 |
| 55:36 | Goup · tribute_sent a jugador 6 |
| 55:36 | Goup · tribute_sent a jugador 8 |
| 55:59 | Flobull · resign |
[ AI ANALYSIS · 1 CREDIT ]
What really happened in this match?
Wolo.gg analyzes every decision: build order, eco, micro, common mistakes by bracket. Personalized analysis on WhatsApp or Discord in 30 seconds.
Civ guide
Bohemians
Perfil
Jugador #2728133